 Dungeon Crawl Stone Soup version 0.18-a0-1116-g1750dec (webtiles) character file.

524 Gobser the Shield-Bearer (level 7, -4/53 HPs)
             Began as a Yellow Draconian Fighter on Jan 17, 2016.
             Was a Believer of Nemelex Xobeh.
             Slain by Menkaure (20 damage)
             ... on level 4 of the Dungeon.
             The game lasted 00:20:27 (3250 turns).

Gobser the Shield-Bearer (Yellow Draconian Fighter) Turns: 3250, Time: 00:20:27

Health: -4/53      AC:  6    Str: 21    XL:     7   Next: 2%
Magic:  7/7        EV: 11    Int:  8    God:    Nemelex Xobeh [**....]
Gold:   172        SH: 11    Dex: 10    Spells: 0 memorised, 6 levels left

rFire  . . .     SeeInvis .     l - +6 whip
rCold  . . .     Gourm    .     (armour unavailable)
rNeg   . . .     Faith    +     b - +2 shield
rPois  +         Spirit   .     (helmet restricted)
rElec  .         Dismiss  .     (no cloak)
rCorr  +         Reflect  .     (no gloves)
SustAt .         Harm     .     (no boots)
MR     .....                    h - amulet of faith
Stlth  +.........               (no ring)
                                (no ring)

@: not resistant to hostile enchantments, very unstealthy
A: spit acid, acid resistance, unfitting armour, horns 1, frail 1, poison
resistance, cold-blooded, AC +6
a: Spit Acid, Renounce Religion


You were on level 4 of the Dungeon.
You worshipped Nemelex Xobeh.
Nemelex Xobeh was pleased with you.
You were very full.

You visited 1 branch of the dungeon, and saw 4 of its levels.

You collected 182 gold pieces.

Inventory:

Hand Weapons
 a - a +0 war axe
 l - a +6 whip (weapon)
Missiles
 g - 17 poisoned needles
 m - 2 throwing nets (quivered)
Armour
 b - a +2 shield (worn)
 q - a +0 pair of gloves
Jewellery
 h - an amulet of faith (around neck)
Wands
 i - a wand of hasting (1/9)
Scrolls
 e - 8 scrolls of identify
Potions
 c - a potion of might
Miscellaneous
 j - a legendary deck of destruction {drawn: 1}
 k - a plain deck of escape {drawn: 3}
Comestibles
 d - a bread ration
 f - 2 slices of pizza
 n - a meat ration
 o - 3 fruits
 p - 2 beef jerkies


   Skills:
 + Level 4.1 Fighting
 + Level 3.2(3.7) Axes
 * Level 2.7(3.5) Maces & Flails
 + Level 4.2 Dodging
 + Level 1.4 Stealth
 + Level 4.7 Shields
 + Level 1.2 Evocations


You had 6 spell levels left.
You didn't know any spells.

Dungeon Overview and Level Annotations

Branches:
Dungeon (4/15)             Temple (0/1) D:4

Altars:
Ashenzari
Nemelex Xobeh
Okawaru
Trog
Xom

Shops:
D:4 *

Annotations:
D:4 Menkaure


Innate Abilities, Weirdness & Mutations

You can spit globs of acid.
You are resistant to acid.
Your golden yellow scales are hard (AC +6).
Your body does not fit into most forms of armour.
You are cold-blooded and may be slowed by cold attacks.
You have a pair of small horns on your head.
You are frail (-10% HP).
Your system is resistant to poisons.


Message History

Menkaure casts a spell at you. Pain shoots through your body!
Found 8 gold pieces.
There is an open door here.
Menkaure gestures at you while chanting.
Pain shoots through your body!
You whack Menkaure!
Your tail-slap misses Menkaure.
Menkaure is moderately damaged.
You whack Menkaure!
Menkaure is severely damaged.
Menkaure casts a spell.
Menkaure seems to speed up.
You hit Menkaure but do no damage. You tail-slap Menkaure.
Menkaure is almost destroyed.
Menkaure barely misses you.
Your shield prevents you from hitting Menkaure.
Menkaure is almost destroyed.
Menkaure hits you!! x2
You die...
Your body disappears without a glow.

#########.# #.# ###
## #.# ≈. ###.######
##.###........#######
...........##....)...
####.##'##.#########.
#.#...#.# #.
#.'...+.# #. #@#...#
# #. * #M#####,* #.
#$. , ,**** ####. ,
###., ,, , .... ## ,
* * #.. , ,, #.. * ,
, *#. ** * ** * ##.
*, #..


You could see Menkaure.

Vanquished Creatures
  The ghost of WhatIsLove the Slasher, an amateur DgGl (D:3)
  A naga (D:4)
  A big kobold (D:2)
  A hound (D:4)
  2 orc wizards (D:4)
  A giant frog skeleton (D:4)
  Jessica (D:2)
  Ijyb (D:2)
  A worker ant (D:4)
  Robin (D:4)
  7 gnolls
  3 adders
  2 oozes
  A worm (D:2)
  An adder skeleton (D:4)
  3 orcs (D:4)
  4 giant cockroaches
  14 hobgoblins
  2 ball pythons (D:3)
  3 bats
  2 giant newts
  12 goblins
  A kobold (D:1)
  34 rats (D:2)
100 creatures vanquished.

Vanquished Creatures (others)
  A wizard (D:3)
  A goblin (D:4)
2 creatures vanquished.

Grand Total: 102 creatures vanquished

Notes
Turn   | Place    | Note
--------------------------------------------------------------
     0 | D:1      | Gobser the Draconian Fighter began the quest for the Orb.
     0 | D:1      | Reached XP level 1. HP: 19/19 MP: 1/1
    94 | D:1      | Gained mutation: Your system is resistant to poisons. [potion of mutation]
    94 | D:1      | Gained mutation: You are frail (-10% HP). [potion of mutation]
    94 | D:1      | Gained mutation: You have a pair of small horns on your head. [potion of mutation]
   301 | D:1      | Reached XP level 2. HP: 23/23 MP: 2/2
   796 | D:2      | Found a sparkling altar of Nemelex Xobeh.
   817 | D:2      | Became a worshipper of Nemelex Xobeh the Trickster
   828 | D:2      | Received a gift from Nemelex Xobeh
   887 | D:2      | Noticed Jessica
   893 | D:2      | Noticed Cupaucs
   904 | D:2      | Killed Jessica
   904 | D:2      | Reached XP level 3. HP: 25/27 MP: 3/3
   908 | D:2      | Killed Cupaucs the big kobold
  1008 | D:2      | Reached XP level 4. HP: 23/34 MP: 4/4
  1350 | D:2      | Noticed Ijyb
  1358 | D:2      | Killed Ijyb
  1358 | D:2      | Reached skill level 4 in Shields
  1381 | D:2      | Reached XP level 5. HP: 9/41 MP: 5/5
  1381 | D:2      | Reached skill level 1 in Stealth
  1700 | D:3      | Reached * piety under Nemelex Xobeh
  1779 | D:3      | Found an iron altar of Okawaru.
  1808 | D:3      | Found a shimmering altar of Xom.
  1966 | D:3      | Noticed WhatIsLove's ghost (amateur DgGl)
  1985 | D:3      | Killed WhatIsLove's ghost
  1985 | D:3      | Reached skill level 1 in Maces & Flails
  1985 | D:3      | Reached skill level 1 in Evocations
  1985 | D:3      | Reached XP level 6. HP: 29/46 MP: 6/6
  2315 | D:3      | Found a bloodstained altar of Trog.
  2316 | D:3      | Noticed a wizard
  2322 | D:3      | Killed a wizard
  2370 | D:4      | Found a shattered altar of Ashenzari.
  2404 | D:4      | Found a staircase to the Ecumenical Temple.
  2404 | D:4      | Noticed Robin
  2408 | D:4      | Noticed Xitsoocu
  2417 | D:4      | Killed Xitsoocu the naga
  2454 | D:4      | Killed Robin
  2800 | D:4      | Received a gift from Nemelex Xobeh
  2812 | D:4      | Reached ** piety under Nemelex Xobeh
  2850 | D:4      | Found Ugri's Assorted Antiques.
  3061 | D:4      | Reached XP level 7. HP: 36/53 MP: 7/7
  3061 | D:4      | Your scales start taking on a golden yellow colour.
  3244 | D:4      | Noticed Menkaure
  3250 | D:4      | Slain by Menkaure

Vault maps used:
D:1:      evilmike_arrival_crescent
D:2:      nemelex_deck, minmay_rats_cheesy_pizza, uniq_jessica, uniq_iyjb
D:3:      lemuel_round_altar, xom_teletrap_fun, trog_wizard
D:4:      evilmike_ruin_ashenzari, temple_green, serial_shops, shop,
          shop_statue, shop, portal_sewer_entry_d, enter_ossuary_2,
          minmay_vboxes, uniq_robin, uniq_menkaure

Action                   |  1- 3 |  4- 6 |  7- 9 || total
-------------------------+-------+-------+-------++-------
Melee: War axe           |    75 |    43 |       ||   118
       Whip              |       |   111 |     5 ||   116
 Abil: Spit Acid         |       |       |     1 ||     1
Evoke: Deck              |     4 |    10 |       ||    14
  Use: Scroll            |     7 |     7 |       ||    14
       Potion            |     3 |     6 |       ||     9
 Stab: Sleeping          |     1 |       |       ||     1
       Invisible         |       |     2 |       ||     2
  Eat: Bread ration      |     1 |       |       ||     1
       Pizza             |       |     1 |       ||     1
